 Dungeon Crawl Stone Soup version 0.29-a0-296-gda187f2e07 (webtiles) character file.

Game seed: 7046557254034199548

9723 sanka the Cleaver (level 11, -2/89 HPs)
             Began as a Gnoll Cinder Acolyte on Mar 19, 2022.
             Was an Elder of Ignis.
             Killed by refrigeration
             ... invoked by Fannar
              (26 damage)
             ... on level 11 of the Dungeon.
             The game lasted 00:24:55 (13522 turns).

sanka the Cleaver (Gnoll Cinder Acolyte)           Turns: 13522, Time: 00:24:55

Health: -2/89      AC: 15    Str: 18    XL:     11   Next: 50%
Magic:  3/21       EV: 22    Int: 10    God:    Ignis [****..]
Gold:   663        SH:  5    Dex: 12    Spells: 22/24 levels left

rFire   + + .      SeeInvis .   b - +2 whip (elec)
rCold   . . .      Faith    .   o - +0 buckler
rNeg    + . .      Spirit   .   j - +4 robe of the Heavens {rF+}
rPois   .          Reflect  .   I - +0 helmet
rElec   .          Harm     .   B - +2 cloak
rCorr   .          Rampage  .   W - +2 pair of gloves "Saqist" {rN+ Str+4 Int-3 Slay+2}
Will    .....                   K - +0 pair of boots
Stlth   +++.......              (no amulet)
HPRegen 0.24/turn               h - +4 ring of evasion
MPRegen 0.17/turn               r - +4 ring of evasion

@: no status effects
A: fangs 1, strong nose, distributed training
a: Renounce Religion, Fiery Armour, Foxfire Swarm, Rising Flame


You were on level 11 of the Dungeon.
You worshipped Ignis.
Ignis was greatly pleased with you.
You visited 2 branches of the dungeon, and saw 12 of its levels.

You collected 1419 gold pieces.
You spent 756 gold pieces at shops.


Innate Abilities, Weirdness & Mutations

You have very sharp teeth.
Your uncanny sense of smell can sniff out nearby items.
Your experience applies equally to all skills.


   Skills:
 + Level 9.2 Fighting
 + Level 6.3 Short Blades
 + Level 6.3 Long Blades
 + Level 9.2 Axes
 + Level 6.3 Maces & Flails
 + Level 6.3 Polearms
 + Level 6.3 Staves
 + Level 6.3 Slings
 + Level 6.3 Bows
 + Level 6.3 Crossbows
 + Level 6.3 Throwing
 + Level 6.3 Armour
 + Level 6.3 Dodging
 + Level 6.3 Stealth
 + Level 6.3 Shields
 + Level 6.3 Unarmed Combat
 + Level 7.0 Spellcasting
 + Level 5.2 Conjurations
 + Level 5.2 Hexes
 + Level 5.2 Summonings
 + Level 5.2 Necromancy
 + Level 5.2 Translocations
 + Level 5.2 Transmutations
 + Level 7.7 Fire Magic
 + Level 5.2 Ice Magic
 + Level 5.2 Air Magic
 + Level 5.2 Earth Magic
 + Level 5.2 Poison Magic
 + Level 7.0 Invocations
 + Level 6.3 Evocations


You had 22 spell levels left.
You knew the following spells:

 Your Spells              Type           Power      Damage    Failure   Level
y - Scorch                Fire           36%        2d7       1%          2

Your spell library contained the following spells:

 Spells                   Type           Power      Damage    Failure   Level
 Foxfire                  Conj/Fire      64%        2x1d7     1%          1
 Slow                     Hex            56%        N/A       2%          1
 Sting                    Tmut/Pois      56%        1d5       2%          1
 Summon Small Mammal      Summ           56%        N/A       2%          1
 Poisonous Vapours        Pois/Air       28%        N/A       4%          2
 Conjure Flame            Conj/Fire      16%        6-21      4%          3
 Inner Flame              Hex/Fire       16%        N/A       4%          3
 Call Canine Familiar     Summ           14%        N/A       9%          3
 Confusing Touch          Hex            14%        N/A       9%          3
 Portal Projectile        Hex/Tloc       28%        N/A       9%          3
 Summon Guardian Golem    Hex/Summ       14%        N/A       9%          3
 Vampiric Draining        Necr           14%        2d7       9%          3
 Flame Wave               Conj/Fire      16%        2d6       16%         4
 Cause Fear               Hex            7%         N/A       26%         4
 Hailstorm                Conj/Ice       14%        3d5       26%         4
 Ice Form                 Ice/Tmut       14%        N/A       26%         4
 Leda's Liquefaction      Hex/Erth       7%         N/A       26%         4
 Olgreb's Toxic Radiance  Pois           14%        N/A       26%         4
 Summon Ice Beast         Ice/Summ       14%        N/A       26%         4
 Summon Mana Viper        Hex/Summ       14%        N/A       58%         5
 Simulacrum               Ice/Necr       7%         N/A       99%         6
 Monstrous Menagerie      Summ           7%         N/A       100%        7
 Discord                  Hex            7%         N/A       100%        8

Inventory:

Hand Weapons
 a - a -1 hand axe of flaming
 b - a +2 whip of electrocution (weapon)
 p - a +0 antimagic halberd
 P - a +0 lajatang
Missiles
 l - 5 curare-tipped darts {=f}
 L - 36 poisoned darts
Armour
 j - the +4 robe of the Heavens (worn) {rF+} rF: It protects you from fire.
 o - a +0 buckler (worn)
 B - a +2 cloak (worn)
 I - a +0 helmet (worn)
 K - a +0 pair of boots (worn)
 Q - a +0 hat of see invisible
 W - the +2 pair of gloves "Saqist" (worn) {rN+ Str+4 Int-3 Slay+2}

   Str:       It affects your strength (+4).
   Int:       It affects your intelligence (-3).
   Slay:      It affects your accuracy & damage with ranged weapons and melee
   (+2).
   rN:        It protects you from negative energy.
Jewellery
 f - a +6 ring of dexterity
 h - a +4 ring of evasion (left hand)
 r - a +4 ring of evasion (right hand)
 s - a ring of poison resistance
 w - a +6 ring of strength
 J - a +6 ring of intelligence
 M - a ring of willpower
 O - a +6 ring of dexterity
 S - a ring of protection from fire
Wands
 n - a wand of polymorph (23)
 t - a wand of flame (25)
 u - a wand of iceblast (13)
 R - a wand of mindburst (21)
Scrolls
 c - 9 scrolls of teleportation {@r4}
 g - 3 scrolls of fear
 k - 3 scrolls of vulnerability {!r}
 m - a scroll of blinking
 q - a scroll of magic mapping
 v - a scroll of torment {!r}
 y - 2 scrolls of enchant armour
 A - 2 scrolls of summoning
 D - a scroll of amnesia
 H - a scroll of fog
 U - 4 scrolls of enchant weapon
 Y - a scroll of brand weapon
 Z - a scroll of immolation {!r}
Potions
 e - a potion of resistance {unknown}
 i - 2 potions of attraction {unknown}
 x - 2 potions of lignification {unknown}
 z - 2 potions of degeneration {unknown}
 E - 5 potions of flight {unknown}
 F - a potion of haste {unknown}
 G - a potion of magic {unknown}
 N - a potion of heal wounds {@q2}
 T - 3 potions of curing {@q1}
 V - a potion of mutation {unknown}
Miscellaneous
 d - a box of beasts
 X - a lightning rod (4/4)

Dungeon Overview and Level Annotations

Branches:
Dungeon (11/15)            Temple (1/1) D:4             Orc (0/2) D:10
   Lair: D:8-11

Altars:
Ashenzari
Cheibriados
Dithmenos
Elyvilon
Fedhas
Gozag
Hepliaklqana
Kikubaaqudgha
Makhleb
Nemelex Xobeh
Okawaru
Qazlal
Ru
Sif Muna
Uskayaw
Vehumet
Wu Jian
Xom
Yredelemnul
Zin
The Shining One
Jiyva

Shops:
D:1 [*(:=   D:3 *   D:6 (

Annotations:
D:7 3 runed translucent doors, robertstho's ghost, novice DjFE
D:11 Fannar

.....................▒...
.........................
▒▒▒▒▒▒▒▒▒▒▒▒▒......▒▒▒▒▒▒▒▒
▒......▒.......
▒..▒▒▒e'....e.. ▒..▒
▒Y▒....... ▒..▒ ▒.▒..?....
▒..▒▒▒.▒.......
▒.Yeg..▒.......
▒...Y..▒▒▒▒▒▒▒. ▒▒▒▒▒▒▒▒ ∆


You could see Fannar (combustible) and 2 ice beasts.


Message History

Fannar misses you.
You miss Fannar. Your bite misses Fannar.
Fannar is almost dead.
The ice beast barely misses you. Fannar closely misses you.
You closely miss Fannar. Your bite misses Fannar.
Fannar is almost dead.
The ice beast misses you. Fannar barely misses you.
You closely miss Fannar. Your bite misses Fannar.
Fannar is almost dead.
The ice beast misses you.
You hit Fannar but do no damage. You bite Fannar, but do no damage.
Fannar is almost dead.
Fannar gestures wildly while chanting.
You block the ice beast's attack.
You barely miss Fannar.
Fannar is almost dead.
Fannar completely misses you. You block the ice beast's attack.
You hit Fannar but do no damage. Your bite misses Fannar.
Fannar is almost dead.
Fannar gestures wildly while chanting.
Fannar drains the heat from the surrounding environment!
You die...

Action                   |  1- 3 |  4- 6 |  7- 9 | 10-12 || total
-------------------------+-------+-------+-------+-------++-------
Melee: Hand axe          |    57 |    15 |    62 |       ||   134
       Bite              |     6 |     1 |    19 |    30 ||    56
       Punch             |     1 |       |       |       ||     1
       Whip              |       |       |   108 |   270 ||   378
Throw: Dart              |       |       |     9 |    17 ||    26
 Cast: Scorch            |     5 |    24 |   118 |   117 ||   264
Invok: Fiery Armour      |       |       |     2 |     1 ||     3
       Foxfire Swarm     |       |       |     1 |       ||     1
  Use: Potion            |       |       |       |     1 ||     1
       Scroll            |       |       |       |    13 ||    13
 Stab: Sleeping          |     1 |       |     3 |     4 ||     8
Armor: Robe              |    16 |    12 |    47 |    61 ||   136
Dodge: Dodged            |    41 |    44 |   226 |   262 ||   573
Block: Buckler           |       |     9 |    53 |    87 ||   149

Levels and vault maps discovered:
D:1:      amcnicky_arrival_blooded_trapdoor, layout_basic, serial_shops,
          nicolae_shop_advertising_works [nicolae_subvault_shop_adworks],
          nicolae_shop_waterfront, nicolae_shop_crystal, shop,
          nicolae_shop_behind_doors, hex_tiny
D:2:      layout_basic
D:3:      layout_basic, mainiacjoe_overflow_six_doors_small,
          mainiacjoe_overflow_concentric_impassable, serial_shops,
          nicolae_shop_behind_doors, shapermc_ecumenical_altar_mp_urbaneastern,
          minmay_misc_feat_iff
D:4:      layout_gridville, nemelex_xobeh_ov_fountains_minmay,
          minmay_temple_entry_glassed_door, uniq_sigmund, uniq_blork_the_orc,
          uniq_menkaure
D:5:      layout_basic, grunt_temple_overflow_forces_of_nature
D:6:      layout_basic, nicolae_overflow_hidden_temple,
          chequers_temple_overflow_statue_of_worship, serial_shops,
          nicolae_shop_bloodbath_and_beyond, kennysheep_generic_room_3
D:7:      layout_gridville, ebering_ghost_gozag, st_stairs_1
D:8:      minmay_spotlight, layout_basic, mainiacjoe_overflow_catch_the_wave,
          nicolae_elyvilon_peaceful_grove, serial_park_tiny_2,
          kennysheep_generic_room_5, uniq_gastronok
D:9:      layout_gridville, yredelemnul_forgotten_temple_becter
D:10:     layout_roguey, nicolae_ru_awakened_eye, david_orc_1_choice,
          minivault_25, minmay_lizard_king
D:11:     layout_stronghold, lair_entry_dummy, gammafunk_ghost_nasty_kobolds,
          uniq_fannar
Temple:   pf_slimified_temple

Notes
Turn   | Place    | Note
-------+----------+-------------------------------------------
     0 | D:1      | sanka the Gnoll Cinder Acolyte began the quest for the Orb.
     0 | D:1      | Reached XP level 1. HP: 23/23 MP: 4/4
    48 | D:1      | Found Kyx Uxki's Antique Weapon Emporium.
    55 | D:1      | Found Xatymeraech's Book Shop.
   332 | D:1      | Found Fekhirph's Jewellery Shop.
   403 | D:1      | Reached XP level 2. HP: 29/29 MP: 5/5
   645 | D:1      | Found Gupen's Armour Shoppe.
   697 | D:1      | Found Paimoj's Assorted Antiques.
  1063 | D:4      | Noticed Blork the orc
  1075 | D:4      | Noticed a howler monkey
  1339 | D:2      | Learned a level 2 spell: Scorch
  1494 | D:2      | Reached XP level 3. HP: 35/35 MP: 4/7
  1510 | D:2      | Identified the +4 robe of the Heavens {rF+}
  1843 | D:3      | Found a shadowy altar of Dithmenos.
  1915 | D:3      | Reached skill level 1 in Invocations
  1947 | D:3      | Found a faded altar of an unknown god.
  2052 | D:3      | Found a shimmering blue altar of Sif Muna.
  2102 | D:3      | Identified the +1 robe of the Storm King {Dex+3}
  2129 | D:3      | Reached skill level 1 in Short Blades
  2129 | D:3      | Reached skill level 1 in Long Blades
  2129 | D:3      | Reached skill level 1 in Maces & Flails
  2129 | D:3      | Reached skill level 1 in Polearms
  2129 | D:3      | Reached skill level 1 in Staves
  2129 | D:3      | Reached skill level 1 in Slings
  2129 | D:3      | Reached skill level 1 in Bows
  2129 | D:3      | Reached skill level 1 in Crossbows
  2129 | D:3      | Reached skill level 1 in Throwing
  2129 | D:3      | Reached skill level 1 in Armour
  2129 | D:3      | Reached skill level 1 in Dodging
  2129 | D:3      | Reached skill level 1 in Stealth
  2129 | D:3      | Reached skill level 1 in Shields
  2129 | D:3      | Reached skill level 1 in Unarmed Combat
  2129 | D:3      | Reached skill level 1 in Evocations
  2129 | D:3      | Reached XP level 4. HP: 41/41 MP: 3/8
  2202 | D:3      | Found Sowefa's Assorted Antiques.
  2221 | D:3      | Reached skill level 3 in Spellcasting
  2550 | D:3      | Reached skill level 1 in Conjurations
  2550 | D:3      | Reached skill level 1 in Hexes
  2550 | D:3      | Reached skill level 1 in Summonings
  2550 | D:3      | Reached skill level 1 in Necromancy
  2550 | D:3      | Reached skill level 1 in Translocations
  2550 | D:3      | Reached skill level 1 in Transmutations
  2550 | D:3      | Reached skill level 1 in Ice Magic
  2550 | D:3      | Reached skill level 1 in Air Magic
  2550 | D:3      | Reached skill level 1 in Earth Magic
  2550 | D:3      | Reached skill level 1 in Poison Magic
  2559 | D:3      | Reached XP level 5. HP: 35/47 MP: 3/9
  2801 | D:4      | Found a sparkling altar of Nemelex Xobeh.
  2872 | D:4      | Killed Blork the orc
  2873 | D:4      | Reached skill level 2 in Invocations
  2873 | D:4      | Reached XP level 6. HP: 53/53 MP: 3/11
  3050 | D:4      | Noticed Sigmund
  3056 | D:4      | Killed Sigmund
  3057 | D:4      | Reached skill level 2 in Short Blades
  3057 | D:4      | Reached skill level 2 in Long Blades
  3057 | D:4      | Reached skill level 2 in Maces & Flails
  3057 | D:4      | Reached skill level 2 in Polearms
  3057 | D:4      | Reached skill level 2 in Staves
  3057 | D:4      | Reached skill level 2 in Slings
  3057 | D:4      | Reached skill level 2 in Bows
  3057 | D:4      | Reached skill level 2 in Crossbows
  3057 | D:4      | Reached skill level 2 in Throwing
  3057 | D:4      | Reached skill level 2 in Armour
  3057 | D:4      | Reached skill level 2 in Dodging
  3057 | D:4      | Reached skill level 2 in Stealth
  3057 | D:4      | Reached skill level 2 in Shields
  3057 | D:4      | Reached skill level 2 in Unarmed Combat
  3057 | D:4      | Reached skill level 2 in Evocations
  3057 | D:4      | Reached XP level 7. HP: 50/59 MP: 3/12
  3071 | D:4      | Reached skill level 7 in Fighting
  3071 | D:4      | Reached skill level 7 in Axes
  3189 | D:4      | Reached skill level 2 in Conjurations
  3189 | D:4      | Reached skill level 2 in Hexes
  3189 | D:4      | Reached skill level 2 in Summonings
  3189 | D:4      | Reached skill level 2 in Necromancy
  3189 | D:4      | Reached skill level 2 in Translocations
  3189 | D:4      | Reached skill level 2 in Transmutations
  3189 | D:4      | Reached skill level 2 in Ice Magic
  3189 | D:4      | Reached skill level 2 in Air Magic
  3189 | D:4      | Reached skill level 2 in Earth Magic
  3189 | D:4      | Reached skill level 2 in Poison Magic
  3492 | D:4      | Noticed Menkaure
  3496 | D:4      | Killed Menkaure
  3497 | D:4      | Reached skill level 3 in Invocations
  3709 | D:4      | Found a staircase to the Ecumenical Temple.
  3720 | Temple   | Entered the Ecumenical Temple
  3940 | D:5      | Entered Level 5 of the Dungeon
  4011 | D:5      | Found a stormy altar of Qazlal.
  4017 | D:5      | Reached skill level 4 in Spellcasting
  4075 | D:5      | Found a blossoming altar of Fedhas.
  4152 | D:5      | Reached skill level 6 in Fire Magic
  4152 | D:5      | Reached XP level 8. HP: 67/67 MP: 6/14
  4275 | D:5      | Reached skill level 3 in Short Blades
  4275 | D:5      | Reached skill level 3 in Long Blades
  4275 | D:5      | Reached skill level 3 in Maces & Flails
  4275 | D:5      | Reached skill level 3 in Polearms
  4275 | D:5      | Reached skill level 3 in Staves
  4275 | D:5      | Reached skill level 3 in Slings
  4275 | D:5      | Reached skill level 3 in Bows
  4275 | D:5      | Reached skill level 3 in Crossbows
  4275 | D:5      | Reached skill level 3 in Throwing
  4275 | D:5      | Reached skill level 3 in Armour
  4275 | D:5      | Reached skill level 3 in Dodging
  4275 | D:5      | Reached skill level 3 in Stealth
  4275 | D:5      | Reached skill level 3 in Shields
  4275 | D:5      | Reached skill level 3 in Unarmed Combat
  4275 | D:5      | Reached skill level 3 in Evocations
  5181 | D:6      | Found a radiant altar of Vehumet.
  5183 | D:6      | Found an iron altar of Okawaru.
  5352 | D:6      | Noticed a shadow
  5382 | D:6      | Killed a shadow
  5383 | D:6      | Reached skill level 3 in Conjurations
  5383 | D:6      | Reached skill level 3 in Hexes
  5383 | D:6      | Reached skill level 3 in Summonings
  5383 | D:6      | Reached skill level 3 in Necromancy
  5383 | D:6      | Reached skill level 3 in Translocations
  5383 | D:6      | Reached skill level 3 in Transmutations
  5383 | D:6      | Reached skill level 3 in Ice Magic
  5383 | D:6      | Reached skill level 3 in Air Magic
  5383 | D:6      | Reached skill level 3 in Earth Magic
  5383 | D:6      | Reached skill level 3 in Poison Magic
  5383 | D:6      | Reached skill level 4 in Invocations
  5622 | D:6      | Reached XP level 9. HP: 71/72 MP: 9/16
  5677 | D:6      | Found Kucw's Weapon Shoppe.
  6019 | D:6      | Reached skill level 4 in Short Blades
  6019 | D:6      | Reached skill level 4 in Long Blades
  6019 | D:6      | Reached skill level 4 in Maces & Flails
  6019 | D:6      | Reached skill level 4 in Polearms
  6019 | D:6      | Reached skill level 4 in Staves
  6019 | D:6      | Reached skill level 4 in Slings
  6019 | D:6      | Reached skill level 4 in Bows
  6019 | D:6      | Reached skill level 4 in Crossbows
  6019 | D:6      | Reached skill level 4 in Throwing
  6019 | D:6      | Reached skill level 4 in Armour
  6019 | D:6      | Reached skill level 4 in Dodging
  6019 | D:6      | Reached skill level 4 in Stealth
  6019 | D:6      | Reached skill level 4 in Shields
  6019 | D:6      | Reached skill level 4 in Unarmed Combat
  6019 | D:6      | Reached skill level 4 in Evocations
  6097 | D:6      | Reached skill level 5 in Spellcasting
  6583 | D:7      | Found a runed translucent gate.
  6583 | D:7      | Found a runed translucent gate.
  6583 | D:7      | Found a runed translucent gate.
  6632 | D:7      | Identified +0 steam dragon scales
  6851 | D:7      | Reached skill level 8 in Fighting
  6851 | D:7      | Reached skill level 8 in Axes
  6855 | D:7      | Reached skill level 5 in Invocations
  6990 | D:7      | Noticed robertstho's ghost (novice DjFE)
  7425 | D:7      | Found an opulent altar of Gozag.
  7915 | D:8      | Noticed Gastronok
  7955 | D:8      | Killed Gastronok
  7956 | D:8      | Reached skill level 5 in Short Blades
  7956 | D:8      | Reached skill level 5 in Long Blades
  7956 | D:8      | Reached skill level 5 in Maces & Flails
  7956 | D:8      | Reached skill level 5 in Polearms
  7956 | D:8      | Reached skill level 5 in Staves
  7956 | D:8      | Reached skill level 5 in Slings
  7956 | D:8      | Reached skill level 5 in Bows
  7956 | D:8      | Reached skill level 5 in Crossbows
  7956 | D:8      | Reached skill level 5 in Throwing
  7956 | D:8      | Reached skill level 5 in Armour
  7956 | D:8      | Reached skill level 5 in Dodging
  7956 | D:8      | Reached skill level 5 in Stealth
  7956 | D:8      | Reached skill level 5 in Shields
  7956 | D:8      | Reached skill level 5 in Unarmed Combat
  7956 | D:8      | Reached skill level 4 in Conjurations
  7956 | D:8      | Reached skill level 4 in Hexes
  7956 | D:8      | Reached skill level 4 in Summonings
  7956 | D:8      | Reached skill level 4 in Necromancy
  7956 | D:8      | Reached skill level 4 in Translocations
  7956 | D:8      | Reached skill level 4 in Transmutations
  7956 | D:8      | Reached skill level 7 in Fire Magic
  7956 | D:8      | Reached skill level 4 in Ice Magic
  7956 | D:8      | Reached skill level 4 in Air Magic
  7956 | D:8      | Reached skill level 4 in Earth Magic
  7956 | D:8      | Reached skill level 4 in Poison Magic
  7956 | D:8      | Reached skill level 5 in Evocations
  7956 | D:8      | Reached XP level 10. HP: 16/82 MP: 0/18
  8311 | D:8      | Reached skill level 6 in Spellcasting
  8984 | D:8      | Reached skill level 6 in Invocations
  9331 | D:8      | Found a white marble altar of Elyvilon.
  9371 | D:8      | Found a snail-covered altar of Cheibriados.
  9395 | D:8      | Found an ornate altar of the Wu Jian Council.
  9720 | D:9      | Noticed a two-headed ogre
  9739 | D:9      | Killed a two-headed ogre
 10019 | D:9      | Noticed a two-headed ogre
 10026 | D:9      | Killed a two-headed ogre
 10027 | D:9      | Reached XP level 11. HP: 87/87 MP: 11/20
 10209 | D:9      | Reached skill level 9 in Fighting
 10209 | D:9      | Reached skill level 9 in Axes
 10214 | D:9      | Reached skill level 6 in Short Blades
 10214 | D:9      | Reached skill level 6 in Long Blades
 10214 | D:9      | Reached skill level 6 in Maces & Flails
 10214 | D:9      | Reached skill level 6 in Polearms
 10214 | D:9      | Reached skill level 6 in Staves
 10214 | D:9      | Reached skill level 6 in Slings
 10214 | D:9      | Reached skill level 6 in Bows
 10214 | D:9      | Reached skill level 6 in Crossbows
 10214 | D:9      | Reached skill level 6 in Throwing
 10214 | D:9      | Reached skill level 6 in Armour
 10214 | D:9      | Reached skill level 6 in Dodging
 10214 | D:9      | Reached skill level 6 in Stealth
 10214 | D:9      | Reached skill level 6 in Shields
 10214 | D:9      | Reached skill level 6 in Unarmed Combat
 10214 | D:9      | Reached skill level 6 in Evocations
 10495 | D:1      | Bought the +2 pair of gloves "Saqist" {rN+ Str+4 Int-3
                  | Slay+2} for 434 gold pieces
 10951 | D:9      | Found a basalt altar of Yredelemnul.
 11264 | D:9      | Found a basalt altar of Yredelemnul.
 11333 | D:10     | Entered Level 10 of the Dungeon
 11489 | D:10     | Found a staircase to the Orcish Mines.
 11549 | D:10     | Reached skill level 5 in Conjurations
 11549 | D:10     | Reached skill level 5 in Hexes
 11549 | D:10     | Reached skill level 5 in Summonings
 11549 | D:10     | Reached skill level 5 in Necromancy
 11549 | D:10     | Reached skill level 5 in Translocations
 11549 | D:10     | Reached skill level 5 in Transmutations
 11549 | D:10     | Reached skill level 5 in Ice Magic
 11549 | D:10     | Reached skill level 5 in Air Magic
 11549 | D:10     | Reached skill level 5 in Earth Magic
 11549 | D:10     | Reached skill level 5 in Poison Magic
 11650 | D:10     | Identified a scroll of acquirement
 11651 | D:10     | Acquired 889 gold pieces
 11957 | D:1      | Bought a runed cloak for 142 gold pieces
 12039 | D:3      | Bought a glowing cloak for 180 gold pieces
 12624 | D:10     | Found a sacrificial altar of Ru.
 12836 | D:10     | Noticed a two-headed ogre
 12844 | D:10     | Killed a two-headed ogre
 13222 | D:11     | Noticed a boulder beetle
 13236 | D:11     | Killed a boulder beetle
 13237 | D:11     | Reached skill level 7 in Spellcasting
 13237 | D:11     | Reached skill level 7 in Invocations
 13462 | D:11     | Noticed Fannar
 13522 | D:11     | Killed from afar by Fannar

Vanquished Creatures
  Gastronok (D:8)
  A boulder beetle (D:11)
  3 two-headed ogres
  Sigmund (D:4)
  A shadow (D:6)
  A wyvern (D:7)
  2 yaks (D:8)
  3 steam dragons
  4 vampire mosquitoes (D:10)
  A basilisk (D:10)
  A warg (D:10)
  Menkaure (D:4)
  An acid dragon (D:8)
  2 water moccasins
  4 ice beasts
  4 orc warriors
  5 centaurs
  4 kobold brigands
  Blork the orc (D:4)
  6 bullfrogs
  A gnoll sergeant (D:5)
  A necrophage (D:6)
  3 scorpions
  5 wights
  5 killer bees (D:7)
  6 howler monkeys
  4 jellies
  7 orc priests
  2 hounds
  6 iguanas
  12 orc wizards
  4 gnolls (D:5)
  6 adders
  4 white imps
  An ufetubus (D:5)
  A dart slug (D:4)
  34 orcs
  3 endoplasms
  A giant cockroach (D:1)
  2 goblins (D:1)
  9 hobgoblins
  A quokka (D:3)
  2 ball pythons
  3 bats (D:1)
  7 frilled lizards (D:10)
  24 kobolds
  2 rats
  A spectral orc (D:9)
204 creatures vanquished.

Vanquished Creatures (others)
  An orc wizard (D:6)
  9 foxfires (D:7)
  4 fungi (D:5)
  38 plants
52 creatures vanquished.

Grand Total: 256 creatures vanquished
